 Dungeon Crawl Stone Soup version 0.23.2-40-g277498a (webtiles) character file.

Game seed: 2529360494815516383

3638 EternalSandwich the Thaumaturge (level 9, 0/45 HPs)
             Began as a Deep Elf Summoner on Oct 20, 2019.
             Was a Priest of Sif Muna.
             Slain by a hornet (12 damage)
             ... on level 8 of the Dungeon.
             The game lasted 00:36:33 (7806 turns).

EternalSandwich the Thaumaturge (Deep Elf Summoner) Turns: 7806, Time: 00:36:34

Health: 0/45       AC:  7    Str:  5    XL:     9   Next: 87%
Magic:  24/28      EV: 13    Int: 27    God:    Sif Muna [***...]
Gold:   366        SH:  0    Dex: 15    Spells: 20/34 levels left

rFire    + . .     SeeInvis .   p - +2 quarterstaff (chaos)
rCold    + . .     Gourm    .   (shield currently unavailable)
rNeg     + . .     Faith    .   n - +2 robe {rC+ rF+}
rPois    .         Spirit   .   C - +1 hat
rElec    .         Reflect  .   o - +0 cloak
rCorr    .         Harm     .   d - +0 pair of gloves
MR       .....                  (no boots)
Stlth    ++........             (no amulet)
HPRegen  0.15/turn              f - ring of positive energy
MPRegen  0.21/turn              k - +3 ring of intelligence

@: lethally poisoned (0 -> -4), slowed, very slow
A: no striking features
a: Divine Energy, Channel Magic, Renounce Religion


You were on level 8 of the Dungeon.
You worshipped Sif Muna.
Sif Muna was most pleased with you.
You were not hungry.

You visited 2 branches of the dungeon, and saw 9 of its levels.
You also visited: Ossuary.

You collected 426 gold pieces.
You spent 60 gold pieces at shops.

Inventory:

Hand Weapons
 e - a +3 short sword of holy wrath
 j - a +0 shortbow
 p - a +2 quarterstaff of chaos (weapon)
Armour
 d - a +0 pair of gloves (worn)
 n - a +2 robe of resistance (worn)
 o - a +0 cloak (worn)
 C - a +1 hat (worn)
Jewellery
 f - a ring of positive energy (left hand)
 k - a +3 ring of intelligence (right hand)
Wands
 G - a wand of acid (3)
Scrolls
 a - 2 scrolls of magic mapping {unknown}
 g - 9 scrolls of identify
 h - 2 scrolls of blinking {unknown}
 l - 2 scrolls of amnesia {unknown}
 q - a scroll of fog {unknown}
 r - 4 scrolls of enchant armour {unknown}
 t - a scroll of immolation {unknown}
 u - 4 scrolls of remove curse
 w - 3 scrolls of teleportation {unknown}
 x - a scroll of random uselessness {unknown}
 y - a scroll of noise {unknown}
 z - a scroll of fear {unknown}
 H - a scroll of acquirement {unknown}
Potions
 b - 4 potions of might {unknown}
 i - a potion of berserk rage {unknown}
 m - a potion of flight {unknown}
 s - 4 potions of haste {unknown}
 v - a potion of curing
 A - 3 potions of heal wounds {unknown}
 B - 3 potions of mutation {unknown}
 D - 2 potions of lignification {unknown}
 E - a potion of brilliance {unknown}
 F - 2 potions of degeneration {unknown}
Comestibles
 c - 16 rations
 I - 2 chunks of flesh


   Skills:
 - Level 2.4 Dodging
 - Level 2.4 Stealth
 + Level 13.0 Spellcasting
 + Level 11.6 Summonings


You had 20 spell levels left.
You knew the following spells:

 Your Spells              Type           Power        Failure   Level  Hunger
a - Summon Small Mammal   Summ           ####         1%          1    None
b - Call Imp              Summ           ######..     1%          2    None
c - Call Canine Familiar  Summ           ######..     1%          3    None
d - Summon Lightning Spi  Summ/Air       #####...     3%          4    None
e - Summon Ice Beast      Ice/Summ       #####...     3%          4    None

Your spell library contained the following spells:

 Spells                   Type           Power        Failure   Level  Hunger
 Summon Guardian Golem    Hex/Summ       #####...     1%          3    None


Dungeon Overview and Level Annotations

Branches:
Dungeon (8/15)             Temple (1/1) D:5
   Lair: D:8-11

Altars:
Ashenzari
Cheibriados
Dithmenos
Elyvilon
Fedhas
Hepliaklqana
Kikubaaqudgha
Makhleb
Nemelex Xobeh
Okawaru
Qazlal
Ru
Sif Muna
Trog
Uskayaw
Vehumet
Wu Jian
Xom
Yredelemnul
Zin
The Shining One

Shops:
D:4 ?   D:5 :(%


Message History

The hornet closely misses you.
Casting: Summon Ice Beast (safe; 3% risk of failure)
Confirm with . or Enter, or press ? or * to list all spells.
Okay, then.
Okay, then.
Evoke which item? (* to show all) (? for menu, Esc to quit)
Aiming: Corrosive Bolt
Press: ? - help, Shift-Dir - straight line, f - hornet
Aim: a hornet (moderately wounded, lightly drained) Really fire in your ice beast's direction?
The bolt of acid hits the hornet!
The hornet is splashed with acid.
The acid corrodes the hornet!
The hornet is severely wounded.
The bolt of acid hits your ice beast!
Your ice beast is splashed with acid.
Your ice beast is severely wounded.
You feel sick. The hornet stings you!
* * * LOW HITPOINT WARNING * * *
You feel as though you will be slow longer.
The hornet stings you!
You die...

###..#########.######
..................(.####
###..########.#####.##.###
####.# #.#####.#....#
...).## #.##.......#.#
###...# #.##.##.#.#..###
#...# #.##.##<#..)...# #...#
#.......#.##.#.##### #...#
####@####.##...5...# #...#
#y# #.####.###.# #...# .Y.
#.. ...# #5# ###...######
..... ##...<.# #.#
............ .#...####.....#
#.##
..............#..###.......#
#.5. ............. #)##
#.#.....# #### ###...######.
#.# #.#..... #... #...#
##.##.# #.# #.##


You could see a hornet and an ice beast.

Vanquished Creatures
  2 wraiths (Ossuary)
  A phantom (D:4)
  2 wolves (D:8)
  A big kobold (D:8)
  A wight (Ossuary)
  A howler monkey (D:5)
  A hound (D:4)
  A bullfrog zombie (D:8)
  2 bullfrog skeletons
  An orc wizard (D:4)
  2 worker ants
  A worker ant zombie (D:8)
  An adder zombie (Ossuary)
  A worm (D:2)
  2 dart slugs (D:2)
  5 leopard geckos
  6 orcs
  7 hobgoblins
  7 jackals
  5 kobolds
  3 quokkas
  2 ball pythons (D:2)
  2 bats
  3 frilled lizards
  2 goblins
  A hobgoblin skeleton (Ossuary)
  2 orc skeletons (Ossuary)
  2 quokka skeletons
  6 rats
73 creatures vanquished.

Vanquished Creatures (collateral kills)
  A hydra (D:8)
  Grinder (D:4)
  2 dream sheep (D:8)
  A hippogriff (D:7)
  Sigmund (D:2)
  2 yaks (D:8)
  Grum (D:8)
  A hungry ghost (D:7)
  2 water moccasins (D:7)
  2 orc warriors
  A necrophage (D:6)
  2 sky beasts
  A phantom (D:8)
  2 wolves (D:8)
  7 ogres
  6 centaurs
  The ghost of Fang the Skirmisher, an amateur GrBe of Trog (D:3)
  2 big kobolds (D:8)
  2 wights (Ossuary)
  A howler monkey (D:4)
  3 crimson imps
  A centaur zombie (D:6)
  3 orc priests
  A jelly (D:6)
  A bullfrog skeleton (D:6)
  5 hounds
  Crazy Yiuf (D:2)
  6 orc wizards
  2 iguanas
  4 worker ants
  A hound skeleton (D:4)
  A gnoll (D:2)
  6 adders
  An ooze (D:3)
  An adder skeleton (D:5)
  A worm (D:2)
  2 dart slugs (D:2)
  2 leopard geckos
  19 orcs
  3 bats (D:1)
  3 giant cockroaches
  6 goblins
  A hobgoblin (D:1)
  8 jackals
  2 quokkas
  2 ball python skeletons (Ossuary)
  A frilled lizard (D:1)
  2 hobgoblin zombies (Ossuary)
  8 kobolds
  5 rats
141 creatures vanquished.

Grand Total: 214 creatures vanquished

Notes
Turn   | Place    | Note
-------+----------+-------------------------------------------
     0 | D:1      | EternalSandwich the Deep Elf Summoner began the quest for
                  | the Orb.
     0 | D:1      | Reached XP level 1. HP: 10/10 MP: 6/6
   221 | D:1      | Reached XP level 2. HP: 15/15 MP: 5/8
   244 | D:1      | Learned a level 2 spell: Call Imp
   818 | D:2      | Reached skill level 4 in Spellcasting
   840 | D:2      | Reached skill level 5 in Summonings
   840 | D:2      | Reached XP level 3. HP: 10/19 MP: 3/10
   995 | D:2      | Noticed Sigmund
  1535 | D:2      | Learned a level 3 spell: Call Canine Familiar
  1768 | D:2      | Reached XP level 4. HP: 19/24 MP: 8/12
  1836 | D:2      | Found a runed translucent door.
  1837 | D:2      | Noticed Crazy Yiuf
  1951 | D:2      | Killed Sigmund
  1951 | D:2      | Reached skill level 5 in Spellcasting
  1951 | D:2      | Reached XP level 5. HP: 28/28 MP: 5/15
  2209 | D:2      | Killed Crazy Yiuf
  2433 | D:3      | Noticed a centaur
  2456 | D:3      | Killed a centaur
  2456 | D:3      | Reached skill level 6 in Spellcasting
  2985 | D:3      | Found a transporter.
  2986 | D:3      | Found a transporter.
  2986 | D:3      | Noticed Fang's ghost (amateur GrBe)
  3155 | D:3      | Reached XP level 6. HP: 29/32 MP: 13/17
  3552 | D:3      | Killed Fang's ghost
  3706 | D:4      | Reached skill level 7 in Spellcasting
  3943 | D:4      | Reached XP level 7. HP: 31/36 MP: 14/20
  3975 | D:4      | Found a radiant altar of Vehumet.
  4020 | D:4      | Noticed Grinder
  4030 | D:4      | Killed Grinder
  4030 | D:4      | Reached skill level 8 in Spellcasting
  4076 | D:4      | Found a sacrificial altar of Ru.
  4227 | D:4      | Found Inurigoips's Magic Scroll Emporium.
  4239 | D:4      | Bought a scroll of identify for 24 gold pieces
  4239 | D:4      | Bought a scroll of remove curse for 36 gold pieces
  4450 | D:4      | Found a snail-covered altar of Cheibriados.
  4478 | D:4      | Found a sparkling altar of Nemelex Xobeh.
  4599 | D:5      | Entered Level 5 of the Dungeon
  4633 | D:5      | Found an iron altar of Okawaru.
  4637 | D:5      | Found Lesmugoo's Weapon Shop.
  4671 | D:5      | Found Ehuur's Food Shoppe.
  4798 | D:5      | Found a staircase to the Ecumenical Temple.
  4873 | Temple   | Entered the Ecumenical Temple
  4963 | Temple   | Became a worshipper of Sif Muna the Loreminder
  4997 | D:5      | Found Jyrrot's Book Shop.
  5232 | D:6      | Reached skill level 9 in Spellcasting
  5232 | D:6      | Reached XP level 8. HP: 38/41 MP: 16/23
  5338 | D:6      | Found a shadowy altar of Dithmenos.
  5404 | D:6      | Found an ancient bone altar of Kikubaaqudgha.
  5533 | D:6      | Reached * piety under Sif Muna
  5601 | D:6      | Found a blossoming altar of Fedhas.
  5765 | D:7      | Noticed a hippogriff
  5782 | D:7      | Killed a hippogriff
  5782 | D:7      | Reached skill level 10 in Spellcasting
  5865 | D:7      | Found a sand-covered staircase.
  5975 | Ossuary  | Entered an ossuary
  6099 | Ossuary  | Noticed a flying skull
  6133 | Ossuary  | Noticed a flying skull
  6159 | Ossuary  | Noticed a flying skull
  6180 | Ossuary  | Noticed a flying skull
  6181 | Ossuary  | Noticed a flying skull
  6284 | D:7      | Reached ** piety under Sif Muna
  6284 | D:7      | Reached skill level 11 in Spellcasting
  6284 | D:7      | Reached skill level 10 in Summonings
  6292 | D:7      | Learned a level 4 spell: Summon Lightning Spire
  6297 | D:7      | Learned a level 4 spell: Summon Ice Beast
  6346 | D:7      | Reached XP level 9. HP: 40/45 MP: 15/26
  7172 | D:8      | Noticed a three-headed hydra
  7177 | D:8      | Killed a three-headed hydra
  7177 | D:8      | Reached *** piety under Sif Muna
  7177 | D:8      | Reached skill level 12 in Spellcasting
  7313 | D:8      | Noticed Grum
  7322 | D:8      | Killed Grum
  7758 | D:8      | Reached skill level 13 in Spellcasting
  7806 | D:8      | Slain by a hornet

Skill      XL: |  1  2  3  4  5  6  7  8  9 |
---------------+----------------------------+-----
Spellcasting   | 4 5 6 7 9 11 13 | 13.0
Summonings     | 5 6 7 8 10 11 | 11.6
Dodging        | |  2.4
Stealth        | |  2.4

Action                   |  1- 3 |  4- 6 |  7- 9 || total
-------------------------+-------+-------+-------++-------
Melee: Unarmed           |     5 |       |       ||     5
       Short sword       |    67 |     9 |       ||    76
       Quarterstaff      |       |    39 |   127 ||   166
 Cast: Summon Small Mamm |    15 |       |       ||    15
       Call Imp          |    27 |    35 |    32 ||    94
       Call Canine Famil |       |    13 |    20 ||    33
       Summon Ice Beast  |       |       |    20 ||    20
       Summon Lightning  |       |       |     5 ||     5
Evoke: Wand              |       |       |     1 ||     1
  Use: Scroll            |       |       |     1 ||     1
       Potion            |       |       |     1 ||     1
 Stab: Sleeping          |    10 |     1 |    11 ||    22
       Distracted        |     1 |       |     4 ||     5
  Eat: Chunk             |     3 |     7 |    11 ||    21
       Ration            |       |       |     1 ||     1
Armor: Robe              |    25 |    18 |    39 ||    82
Dodge: Dodged            |    60 |    32 |    88 ||   180
